 Dungeon Crawl Stone Soup version 0.22.0-27-ga576289 (webtiles) character file.

4942 Faca the Fighter (level 10, -1/89 HPs)
             Began as a Formicid Fighter on Aug 23, 2018.
             Was a High Priest of Okawaru.
             Killed by divine providence
             ... invoked by an orc priest
              (12 damage)
             ... on level 9 of the Dungeon.
             The game lasted 00:17:55 (9727 turns).

Faca the Fighter (Formicid Fighter)                 Turns: 9727, Time: 00:17:57

Health: -1/89      AC: 10    Str: 30    XL:     10   Next: 81%
Magic:  10/10      EV:  6    Int:  7    God:    Okawaru [*****.]
Gold:   326        SH: 12    Dex: 11    Spells: 9/9 levels left

rFire    . . .     SeeInvis +   a - +1 war axe
rCold    . . .     Gourm    .   c - +0 shield
rNeg     . . .     Faith    .   u - +0 chain mail
rPois    .         Spirit   .   (helmet unavailable)
rElec    .         Reflect  +   (no cloak)
rCorr    .         Harm     .   (no gloves)
MR       +....                  p - +0 pair of boots
Stlth    ..........             b - amulet "Voss" {Reflect Str+6 SH+2}
HPRegen  0.24/turn              (no ring)
MPRegen  0.12/turn              (no ring)

@: no status effects
A: permanent stasis, dig shafts and tunnels, four strong arms, antennae 3
a: Dig, Shaft Self, Heroism, Finesse, Renounce Religion


You were on level 9 of the Dungeon.
You worshipped Okawaru.
Okawaru was extremely pleased with you.
You were not hungry.

You visited 1 branch of the dungeon, and saw 9 of its levels.

You collected 326 gold pieces.

Inventory:

Hand Weapons
 a - a +1 war axe (weapon)
 j - a +0 morningstar
 k - a +1 mace of protection
Missiles
 B - 3 javelins (quivered)
Armour
 c - a +0 shield (worn)
 p - a +0 pair of boots (worn)
 u - a +0 chain mail (worn)
Jewellery
 b - the amulet "Voss" (around neck) {Reflect Str+6 SH+2}
   (You acquired it on level 8 of the Dungeon)

   [amulet of reflection]

   It shields you and reflects attacks.
   It affects your strength (+6).
   It affects your SH (+2).
Wands
 e - a wand of disintegration (10)
 q - a wand of flame (33)
 t - a wand of paralysis (10)
 v - a wand of iceblast (12)
 z - a wand of acid (11)
Scrolls
 h - 2 scrolls of noise
 n - 2 scrolls of fog
 s - 4 scrolls of enchant armour
 C - 2 scrolls of acquirement
Potions
 d - 2 potions of might
 g - 3 potions of curing
 i - a potion of resistance
 l - 3 potions of flight
 m - 2 potions of heal wounds
 o - 3 potions of mutation
 r - a potion of invisibility
 w - a potion of ambrosia
 x - a potion of lignification {unknown}
Comestibles
 f - 11 rations


   Skills:
 + Level 12.0 Fighting
 + Level 10.9 Axes
 - Level 3.2 Armour
 - Level 3.6 Shields


You had 9 spell levels left.
You didn't know any spells.
Your spell library contained the following spells:

 Spells                   Type           Power        Failure   Level  Hunger
 Magic Dart               Conj           #...         100%        1    ##.....
 Sandblast                Erth           #.....       100%        1    ##.....
 Passwall                 Tmut/Erth      #.......     100%        2    ###....
 Searing Ray              Conj           #.....       100%        2    ###....
 Dazzling Spray           Conj/Hex       #.....       100%        3    ####...
 Stone Arrow              Conj/Erth      #.....       100%        3    ####...
 Force Lance              Conj/Tloc      #.......     100%        4    #####..
 Fulminant Prism          Conj/Hex       #.........   100%        4    #####..
 Iskenderun's Mystic Bla  Conj           #.......     100%        4    #####..
 Petrify                  Tmut/Erth      #.......     100%        4    #####..
 Lee's Rapid Deconstruct  Erth           #.........   100%        5    ######.


Dungeon Overview and Level Annotations

Branches:
Dungeon (9/15)             Temple (0/1) D:5
   Lair: D:8-11         Orc: D:9-12

Altars:
Cheibriados
Dithmenos
Elyvilon
Gozag
Okawaru
Qazlal
Sif Muna
Trog
Uskayaw
Vehumet
Yredelemnul
Zin
The Shining One
Beogh

Shops:
D:6 *   D:9 :

Annotations:
D:5 2 transporters, 3 runed doors, Ofeo's ghost, novice DDFi
D:8 1 runed door, Melum's ghost, novice DsMo


Innate Abilities, Weirdness & Mutations

You cannot be hasted, slowed, berserked, paralysed or teleported.
You can dig through walls and to a lower floor.
Your four strong arms can wield two-handed weapons with a shield.
You have a pair of large antennae on your head. (SInv)


Message History

The orc priest mumbles some strange prayers to Beogh against you.
Beogh smites you!
* * * LOW HITPOINT WARNING * * *
You slash the orc wizard!
The orc wizard is almost dead.
You block the orc wizard's attack.
The orc priest invokes the aid of Beogh against you.
Beogh smites you!
* * * LOW HITPOINT WARNING * * *
Your shield and chain mail prevent you from hitting the orc wizard.
The orc wizard is almost dead.
The orc wizard hits you but does no damage.
The orc priest looks braver for a moment.
You closely miss the orc wizard.
The orc wizard is almost dead.
The orc wizard hits you with a dagger.
* * * LOW HITPOINT WARNING * * *
The orc priest mumbles some strange prayers to Beogh against you.
Beogh smites you!
You die...

.........######......#
.........(....'....>.#
.........######......#
.........# #......#
.........# #......#
.........# #......#
#.####### ###'####
#..# #@## #o#
#....oo..# #........#
#........# #........#
+........# #........#
#........#


You could see an orc priest, an orc wizard and an orc.

Vanquished Creatures
  A two-headed ogre (D:8)
  A troll (D:9)
  A hornet (D:9)
  Grum (D:9)
  Duvessa (D:7)
  An orc warrior (D:6)
  5 ice beasts
  2 sky beasts (D:7)
  6 ogres
  3 wolves (D:9)
  2 centaurs
  2 big kobolds (D:7)
  4 bullfrogs
  A wyvern skeleton (D:6)
  Dowan (D:7)
  A scorpion (D:4)
  6 killer bees
  A howler monkey (D:8)
  A jelly (D:6)
  2 crimson imps
  2 quasits
  A bullfrog zombie (D:6)
  2 hounds
  A gnoll shaman (D:6)
  A centaur skeleton (D:6)
  4 orc priests
  2 bullfrog skeletons
  5 orc wizards
  Jessica (D:3)
  4 iguanas
  7 worker ants
  A worker ant zombie (D:7)
  5 gnolls (D:6)
  7 adders
  2 howler monkey skeletons
  A shadow imp (D:9)
  An ooze (D:6)
  A worm zombie (D:5)
  2 worms (D:2)
  7 dart slugs
  3 leopard geckos
  13 orcs
  6 giant cockroaches
  5 hobgoblins
  12 jackals
  15 kobolds
  4 quokkas
  3 ball pythons
  5 bats
  3 frilled lizards
  6 goblins
  A quokka zombie (D:6)
  4 rats
  A rat zombie (D:5)
181 creatures vanquished.

Notes
Turn   | Place    | Note
-------+----------+-------------------------------------------
     0 | D:1      | Faca the Formicid Fighter began the quest for the Orb.
     0 | D:1      | Reached XP level 1. HP: 18/18 MP: 1/1
    89 | D:1      | Reached XP level 2. HP: 20/24 MP: 2/2
   487 | D:1      | Reached XP level 3. HP: 30/30 MP: 3/3
   562 | D:1      | Reached skill level 4 in Fighting
   823 | D:2      | Found an iron altar of Okawaru.
   834 | D:2      | Became a worshipper of Warmaster Okawaru
   913 | D:2      | Found an opulent altar of Gozag.
   965 | D:2      | Found a snail-covered altar of Cheibriados.
  1022 | D:2      | Reached XP level 4. HP: 32/37 MP: 4/4
  1025 | D:2      | Found a white marble altar of Elyvilon.
  1584 | D:3      | Reached XP level 5. HP: 32/43 MP: 5/5
  1847 | D:3      | Noticed Jessica
  1849 | D:3      | Killed Jessica
  1849 | D:3      | Reached skill level 5 in Fighting
  1884 | D:3      | Found a deep blue altar of Sif Muna.
  1902 | D:3      | Reached * piety under Okawaru
  1902 | D:3      | Reached XP level 6. HP: 29/51 MP: 6/6
  2213 | D:3      | You fall through a shaft for 3 floors!
  2219 | D:5      | Entered Level 5 of the Dungeon
  2223 | D:4      | Noticed an ogre
  2229 | D:4      | Killed an ogre
  2269 | D:4      | Reached skill level 6 in Fighting
  2416 | D:3      | Reached skill level 5 in Axes
  2782 | D:4      | Reached XP level 7. HP: 58/58 MP: 7/7
  2908 | D:4      | Found a basalt altar of Yredelemnul.
  3055 | D:4      | Found a shadowy altar of Dithmenos.
  3059 | D:4      | Found a bloodstained altar of Trog.
  3779 | D:5      | Reached ** piety under Okawaru
  3779 | D:5      | Reached skill level 7 in Fighting
  3885 | D:5      | Found a transporter.
  3897 | D:5      | Noticed Ofeo's ghost (novice DDFi)
  3898 | D:5      | Found a runed gate.
  3898 | D:5      | Found a runed gate.
  3898 | D:5      | Found a runed gate.
  3924 | D:5      | Reached XP level 8. HP: 46/67 MP: 8/8
  4143 | D:5      | Found a staircase to the Ecumenical Temple.
  4572 | D:5      | Found a transporter.
  4839 | D:5      | Found a roughly hewn altar of Beogh.
  4927 | D:6      | Reached skill level 8 in Fighting
  5321 | D:6      | Reached *** piety under Okawaru
  5336 | D:6      | Reached XP level 9. HP: 60/75 MP: 9/9
  5381 | D:6      | Reached skill level 9 in Fighting
  5795 | D:6      | Found Vofinugy's Assorted Antiques.
  6499 | D:7      | Found a stormy altar of Qazlal.
  6913 | D:7      | Found a glowing golden altar of the Shining One.
  6913 | D:7      | Found a glowing silver altar of Zin.
  6913 | D:7      | Found a white marble altar of Elyvilon.
  6994 | D:7      | Noticed Dowan
  7012 | D:7      | Reached **** piety under Okawaru
  7012 | D:7      | Reached skill level 10 in Fighting
  7020 | D:7      | Killed Dowan
  7313 | D:7      | Noticed Duvessa
  7330 | D:7      | Killed Duvessa
  7603 | D:7      | Reached XP level 10. HP: 45/86 MP: 10/10
  8113 | D:8      | Found a hide-covered altar of Uskayaw.
  8253 | D:8      | Noticed a two-headed ogre
  8264 | D:8      | Killed a two-headed ogre
  8264 | D:8      | Reached ***** piety under Okawaru
  8264 | D:8      | Reached skill level 11 in Fighting
  8264 | D:8      | Reached skill level 10 in Axes
  8805 | D:8      | Found a runed door.
  8808 | D:8      | Noticed Melum's ghost (novice DsMo)
  8967 | D:8      | Found a radiant altar of Vehumet.
  8991 | D:8      | Identified 3 scrolls of acquirement
  8992 | D:8      | Got a bound bronze amulet
  8993 | D:8      | Identified the amulet "Voss" {Reflect Str+6 SH+2} (You acquired it on level 8 of the Dungeon)
  9045 | D:9      | Found Giczubips's Book Shoppe.
  9135 | D:9      | HP: 4/89 [poisoned by a killer bee]
  9141 | D:9      | HP: 4/89 [poisoned by a killer bee]
  9149 | D:9      | HP: 4/89 [poisoned by a killer bee]
  9517 | D:9      | Noticed Grum
  9551 | D:9      | Killed Grum
  9720 | D:9      | Reached skill level 12 in Fighting
  9727 | D:9      | Killed from afar by an orc priest

Skill      XL: |  1  2  3  4  5  6  7  8  9 10 |
---------------+-------------------------------+-----
Fighting       | 4 5 6 7 8 10 12 | 12.0
Axes           | 3 4 5 6 7 9 10 | 10.9
Armour         | |  3.2
Shields        | |  3.6

Action                   |  1- 3 |  4- 6 |  7- 9 | 10-12 || total
-------------------------+-------+-------+-------+-------++-------
Melee: War axe           |   115 |   119 |   362 |   134 ||   730
Invok: Heroism           |       |       |     1 |     1 ||     2
 Abil: Dig               |       |       |     3 |     1 ||     4
  Use: Scroll            |       |       |    10 |     7 ||    17
  Eat: Chunk             |     1 |     4 |     3 |     1 ||     9
       Ration            |       |     1 |     4 |     1 ||     6
Armor: Scale mail        |    40 |    64 |    67 |       ||   171
       Chain mail        |       |       |    53 |    60 ||   113
Dodge: Dodged            |    46 |    44 |    91 |    30 ||   211
Block: Shield            |    74 |    65 |   191 |    79 ||   409
